 Dungeon Crawl Stone Soup version 0.28-a0-1382-g92835e5c71 (webtiles) character file.

Game seed: 16481311922036429812

12710 Crownlay the Thaumaturge (level 11, -1/54 HPs)
             Began as a Gargoyle Earth Elementalist on Jan 1, 2022.
             Was a Follower of Vehumet.
             Slain by a yak (12 damage)
             ... on level 1 of the Lair of Beasts.
             The game lasted 00:24:39 (17181 turns).

Crownlay the Thaumaturge (GrEE)                    Turns: 17181, Time: 00:24:39

Health: -1/54      AC: 13    Str: 12    XL:     11   Next: 97%
Magic:  0/27       EV: 11    Int: 20    God:    Vehumet [*.....]
Gold:   477        SH:  0    Dex: 10    Spells: 29/35 levels left

rFire   . . .      SeeInvis .   d - +3 trident "Bolic" {drain, rN+}
rCold   + . .      Faith    +   (no shield)
rNeg    + + .      Spirit   .   S - +2 robe {rC+}
rPois   ∞          Reflect  .   (no helmet)
rElec   +          Harm     .   (no cloak)
rCorr   .          Rampage  .   r - +0 pair of gloves
Will    .....                   (no boots)
Stlth   ++........              G - amulet of faith
HPRegen 0.18/turn               (no ring)
MPRegen 0.20/turn               (no ring)

@: no status effects
A: sickness immunity, AC +8, negative energy resistance 1, electricity
resistance, torment resistance 1, petrification resistance
a: Renounce Religion


You were on level 1 of the Lair of Beasts.
You worshipped Vehumet.
Vehumet was aware of your devotion.
You visited 3 branches of the dungeon, and saw 13 of its levels.
You also visited: Sewer and Ossuary.

You collected 694 gold pieces.
You spent 217 gold pieces at shops.

Inventory:

Hand Weapons
 d - the +3 trident "Bolic" (weapon) {drain, rN+}
   (You took it off a kobold brigand on level 8 of the Dungeon)

   A truly terrible weapon, it drains the life of any living foe it strikes.
   rN:        It protects you from negative energy.
Missiles
 C - 130 stones
 O - a throwing net
Armour
 r - a +0 pair of gloves (worn)
 F - a +1 robe of fire resistance
 S - a +2 robe of cold resistance (worn)
Jewellery
 G - an amulet of faith (around neck)
Wands
 b - a wand of charming (4)
 h - a wand of paralysis (18)
 m - a wand of iceblast (11)
 P - a wand of polymorph (3)
Scrolls
 c - a scroll of silence
 f - a scroll of torment {unknown}
 j - 3 scrolls of fog
 k - 2 scrolls of holy word {unknown}
 l - 8 scrolls of teleportation
 n - 2 scrolls of summoning {unknown}
 p - 4 scrolls of fear
 s - 2 scrolls of immolation {unknown}
 x - 3 scrolls of enchant armour
 y - a scroll of acquirement {unknown}
 D - 2 scrolls of amnesia
 E - 2 scrolls of vulnerability {unknown}
 H - 3 scrolls of brand weapon {unknown}
 I - 3 scrolls of enchant weapon
 K - a scroll of blinking {unknown}
 M - a scroll of magic mapping {unknown}
 Q - a scroll of noise {unknown}
Potions
 a - 3 potions of lignification
 e - 3 potions of attraction {unknown}
 g - 3 potions of brilliance {unknown}
 i - 7 potions of curing
 o - a potion of berserk rage {unknown}
 q - a potion of invisibility {unknown}
 t - 4 potions of magic
 u - a potion of experience {unknown}
 v - a potion of haste {unknown}
 w - 3 potions of heal wounds
 z - 3 potions of mutation {unknown}
 A - 3 potions of resistance {unknown}
 B - 2 potions of degeneration {unknown}
 J - 3 potions of ambrosia {unknown}
 L - 2 potions of flight {unknown}
 N - a potion of cancellation {unknown}
 R - a potion of might {unknown}


   Skills:
 - Level 1.5 Dodging
 - Level 2.1 Stealth
 * Level 12.6 Spellcasting
 + Level 7.4 Conjurations
 - Level 5.0 Summonings
 - Level 0.7 Transmutations
 + Level 12.0 Earth Magic


You had 29 spell levels left.
You knew the following spells:

 Your Spells              Type           Power      Damage    Failure   Level
a - Sandblast             Erth           100%       2d20      1%          1
b - Stone Arrow           Conj/Erth      100%       3d13      1%          3
c - Passwall              Tmut/Erth      31%        N/A       1%          2

Your spell library contained the following spells:

 Spells                   Type           Power      Damage    Failure   Level
 Magic Dart               Conj           100%       1d8       1%          1
 Summon Small Mammal      Summ           100%       N/A       1%          1
 Petrify                  Tmut/Erth      38%        N/A       3%          4
 Animate Skeleton         Necr           24%        N/A       5%          1
 Apportation              Tloc           24%        N/A       5%          1
 Freeze                   Ice            48%        1d7       5%          1
 Blink                    Tloc           24%        N/A       9%          2
 Ensorcelled Hibernation  Hex/Ice        24%        N/A       9%          2
 Iskenderun's Mystic Bla  Conj/Tloc      27%        2d7       12%         4
 Teleport Other           Tloc           12%        N/A       16%         3
 Tukima's Dance           Hex            12%        N/A       16%         3
 Cause Fear               Hex            6%         N/A       47%         4
 Yara's Violent Unravell  Hex/Tmut       7%         3d5       77%         5
 Silence                  Hex/Air        6%         N/A       83%         5
 Enfeeble                 Hex            6%         N/A       100%        7


Dungeon Overview and Level Annotations

Branches:
Dungeon (11/15)            Temple (1/1) D:7            Lair (1/6) D:10
    Orc (0/2) D:10          Sewer (visited)         Ossuary (visited)

Altars:
Ashenzari
Cheibriados
Dithmenos
Elyvilon
Fedhas
Gozag
Hepliaklqana
Kikubaaqudgha
Makhleb
Nemelex Xobeh
Okawaru
Qazlal
Ru
Sif Muna
Trog
Uskayaw
Vehumet
Wu Jian
Xom
Yredelemnul
Zin
The Shining One

Shops:
D:3 :   D:5 *   D:10 *[[   D:11 !


Innate Abilities, Weirdness & Mutations

You are immune to sickness and miasma.
Your stone body is resilient. (AC +8)
You are immune to poison.
You resist negative energy. (rN+)
You are resistant to electric shocks. (rElec)
You are resistant to unholy torment.
You are immune to petrification.


Message History

The blast of sand hits the yak!!
You kill the yak!
Vehumet accepts your kill. The yak gores you.
Your Earth Magic skill increases to level 12!
Casting: Sandblast (safe; 1% risk of failure)
Confirm with . or Enter, or press ? or * to list all spells.
Aiming: Sandblast (safe; 1% risk of failure)
Press: ? - help, Shift-Dir - straight line, f - yak
Aim: a yak (90% to hit)
The blast of sand hits the yak!!
The yak is severely wounded.
The yak gores you!
* * * LOW HITPOINT WARNING * * *
The yak gores you but does no damage.
Casting: Sandblast (safe; 1% risk of failure)
Confirm with . or Enter, or press ? or * to list all spells.
Aiming: Sandblast (safe; 1% risk of failure)
Press: ? - help, Shift-Dir - straight line, f/p - yak
Aim: a yak (severely wounded, 90% to hit)
The blast of sand hits the yak!
You kill the yak!
Vehumet accepts your kill. The yak misses you.
Casting: Sandblast (safe; 1% risk of failure)
Confirm with . or Enter, or press ? or * to list all spells.
Aiming: Sandblast (safe; 1% risk of failure)
Press: ? - help, Shift-Dir - straight line, f - yak
Aim: a yak (90% to hit)
The blast of sand hits the yak but does no damage.
The yak closely misses you.
Casting: Sandblast (safe; 1% risk of failure)
Confirm with . or Enter, or press ? or * to list all spells.
Aiming: Sandblast (safe; 1% risk of failure)
Press: ? - help, Shift-Dir - straight line, f/p - yak
Aim: a yak (90% to hit)
The blast of sand hits the yak!
The yak is moderately wounded.
The yak gores you!
You die...

.. ##/# P..# ...
#####.+## ### ##
........# #.##.#####
........### #........#
.......$†Y####........#
........#†@.##........#
.....Y..###.##.........
...Y....# #........)>.#
........# ##.+........#
........# ###........#
........# ##†#######
###+##### #.P# #.###
##...##


You could see a yak.

Vanquished Creatures
  A two-headed ogre (D:9)
  Nergalle (D:10)
  A skeletal warrior (D:11)
  A cyclops (D:11)
  A gargoyle (D:10)
  A cane toad (Lair:1)
  A freezing wraith (D:11)
  A troll (D:11)
  2 shadows
  3 wyverns (D:10)
  10 yaks
  4 wraiths
  2 basilisks (D:10)
  Grum (D:8)
  5 acid dragons
  2 water moccasins
  Duvessa (D:6)
  4 orc warriors
  2 hornet zombies (D:8)
  An ogre (D:6)
  2 necrophages
  2 black bears
  3 wolves (D:8)
  2 centaurs
  A phantom (D:6)
  3 kobold brigands
  2 bullfrogs
  3 gnoll sergeants
  4 scorpions (D:5)
  2 water moccasin zombies
  A water moccasin skeleton (D:5)
  Dowan (D:6)
  6 killer bees (D:8)
  7 wights (D:8)
  6 howler monkeys (D:9)
  2 bullfrog zombies
  4 hounds
  5 jellies
  3 bullfrog skeletons
  4 centaur zombies
  10 orc priests
  2 iguanas
  7 orc wizards
  A killer bee zombie (D:7)
  2 hound skeletons
  3 mummies
  12 gnolls
  6 adders
  2 white imps
  An ufetubus (D:7)
  5 adder zombies (Ossuary)
  4 worms
  3 dart slugs
  31 orcs
  11 ball pythons
  10 endoplasms (Sewer)
  10 giant cockroaches
  2 gnoll zombies (Ossuary)
  3 goblins
  7 hobgoblins
  4 jackals (D:2)
  16 kobolds
  2 quokkas (D:1)
  5 bats
  7 frilled lizards
  A goblin zombie (D:6)
  2 hobgoblin zombies (Ossuary)
  7 kobold zombies
  13 orc zombies (Ossuary)
  7 rats
304 creatures vanquished.

Vanquished Creatures (others)
  A human (D:9)
1 creature vanquished.

Grand Total: 305 creatures vanquished

Notes
Turn   | Place    | Note
-------+----------+-------------------------------------------
     0 | D:1      | Crownlay the Gargoyle Earth Elementalist began the quest
                  | for the Orb.
     0 | D:1      | Reached XP level 1. HP: 10/10 MP: 3/3
   145 | D:1      | Reached XP level 2. HP: 9/15 MP: 0/5
   923 | D:1      | Got the Catalogue of the Glacial Oath
  1068 | D:1      | Found a faded altar of an unknown god.
  1086 | D:1      | Found a faded altar of an unknown god.
  1211 | D:2      | Reached XP level 3. HP: 19/19 MP: 5/7
  1215 | D:2      | Learned a level 3 spell: Stone Arrow
  1218 | D:2      | Learned a level 2 spell: Passwall
  2083 | D:2      | Identified the +5 mace of Dust {antimagic, rF+ Str+4 Dex+2}
  2508 | D:3      | Reached XP level 4. HP: 24/24 MP: 4/9
  3047 | D:3      | Reached XP level 5. HP: 21/28 MP: 1/11
  3537 | D:3      | Reached skill level 5 in Earth Magic
  3695 | D:3      | Found Poririh's Book Shop.
  3864 | D:4      | Reached XP level 6. HP: 29/32 MP: 4/13
  3979 | D:4      | Found a glowing drain.
  4013 | Sewer    | Entered a sewer
  4292 | Sewer    | Reached skill level 5 in Spellcasting
  4999 | Sewer    | Found a viscous altar of Jiyva.
  5330 | D:4      | Noticed a necrophage
  5333 | D:4      | Killed a necrophage
  5334 | D:4      | Reached XP level 7. HP: 36/36 MP: 8/15
  6322 | D:5      | Entered Level 5 of the Dungeon
  6402 | D:5      | Found Maohus's Assorted Antiques.
  6409 | D:5      | Bought a scroll labelled JOVANU UGUPIO for 17 gold pieces
  6860 | D:5      | Reached XP level 8. HP: 41/41 MP: 11/18
  7121 | D:5      | Identified the +1 leather armour of Tomorrow {rF+}
  7194 | D:5      | Found an iron altar of Okawaru.
  7933 | D:6      | Noticed Duvessa
  7935 | D:6      | Noticed Dowan
  7955 | D:6      | Killed Duvessa
  7957 | D:6      | Killed Dowan
  8039 | D:6      | Found a sand-covered staircase.
  8045 | Ossuary  | Entered an ossuary
  8122 | Ossuary  | Reached XP level 9. HP: 45/45 MP: 0/21
 10088 | D:7      | Found a glowing silver altar of Zin.
 10303 | D:7      | Found a staircase to the Ecumenical Temple.
 10308 | Temple   | Entered the Ecumenical Temple
 10833 | D:7      | Reached skill level 1 in Conjurations
 10959 | D:7      | Reached skill level 1 in Summonings
 11591 | D:8      | Identified the +3 trident "Bolic" {drain, rN+}
 11764 | D:8      | Got the Incunabulum of the Traveller
 12129 | D:8      | Reached skill level 10 in Spellcasting
 12135 | D:8      | Reached XP level 10. HP: 44/50 MP: 14/24
 12244 | D:8      | Noticed Grum
 12252 | D:8      | Killed Grum
 12726 | D:9      | Reached skill level 10 in Earth Magic
 12831 | D:9      | Noticed a two-headed ogre
 12837 | D:9      | Killed a two-headed ogre
 13148 | D:9      | Found an ancient bone altar of Kikubaaqudgha.
 13368 | D:9      | Found a glowing golden altar of the Shining One.
 13392 | D:10     | Entered Level 10 of the Dungeon
 13432 | D:10     | Found a staircase to the Orcish Mines.
 13434 | D:10     | Found Ilillah's Armour Boutique.
 13667 | D:10     | Reached skill level 5 in Conjurations
 13710 | D:10     | Found Naov Iwk's Antique Armour Shop.
 14108 | D:10     | Found a staircase to the Lair.
 14160 | D:10     | Reached XP level 11. HP: 54/54 MP: 13/26
 14566 | D:10     | Found Mecya's General Store.
 14729 | D:10     | Bought a potion of magic for 112 gold pieces
 14729 | D:10     | Bought a scroll of amnesia for 49 gold pieces
 14935 | D:10     | Noticed Nergalle
 14946 | D:10     | Killed Nergalle
 14947 | D:10     | Reached skill level 5 in Summonings
 15275 | D:10     | Found a large runed translucent door.
 15276 | D:10     | Found a large runed translucent door.
 15524 | D:10     | Found a radiant altar of Vehumet.
 15527 | D:10     | Became a worshipper of Vehumet
 15532 | D:10     | Found a stormy altar of Qazlal.
 15747 | D:11     | Noticed a cyclops
 15753 | D:11     | Killed a cyclops
 16078 | D:11     | Found Rutoaru's Distillery.
 16083 | D:11     | Bought a potion of lignification for 39 gold pieces
 16454 | D:11     | Noticed a skeletal warrior
 16470 | D:11     | Killed a skeletal warrior
 16532 | D:11     | Noticed a death knight
 16551 | D:11     | HP: 1/54 [death knight (9)]
 17071 | Lair:1   | Entered Level 1 of the Lair of Beasts
 17166 | Lair:1   | Reached * piety under Vehumet
 17166 | Lair:1   | Offered knowledge of Magic Dart by Vehumet.
 17181 | Lair:1   | Slain by a yak

Illustrated notes

Levels and vault maps discovered:
D:1:      dpeg_arrival_erosion, layout_basic,
          hellmonk_ecumenical_altar_the_god_not_taken
D:2:      layout_loops_corners
D:3:      layout_basic, serial_shops, nicolae_diamond_shop
D:4:      layout_loops_ring, cheibrodos_sewer_entry_drain, bh_walls_and_bars
D:5:      layout_basic, marbit_many_paths, nicolae_wooded_promenade,
          saegor_snake_ambush
D:6:      layout_gridville, nicolae_ossuary_entry_giza, uniq_duvessa
D:7:      layout_gridville, mainiacjoe_overflow_24_doors,
          minmay_temple_entry_nine_rooms
D:8:      layout_basic, uniq_grum
D:9:      layout_big_octagon, tgw_kikubaaqudgha, tso_altar
D:10:     layout_roguey, jmf_multi_god_temple2, erik_lair_dragon, orc_david_3,
          serial_shops, nicolae_shop_window_shopping, kennysheep_mini,
          minivault_25, uniq_nergalle
D:11:     layout_basic, serial_shops, nicolae_shop_competitors_out_of_business,
          grunt_decor_clamped
Temple:   regret_index_temple_sphere_string
Lair:1:   layout_roguey

Skill      XL: |  1  2  3  4  5  6  7  8  9 10 11 |
---------------+----------------------------------+-----
Earth Magic    | 4 5 6 7 8 9 10 12 | 12.0
Spellcasting   | 3 4 5 6 8 10 11 12 | 12.6
Conjurations   | 3 5 7 |  7.4
Summonings     | 2 4 5 |  5.0
Dodging        | |  1.5
Stealth        | |  2.1
Transmutations | |  0.7

Action                   |  1- 3 |  4- 6 |  7- 9 | 10-12 || total
-------------------------+-------+-------+-------+-------++-------
Melee: Unarmed           |    15 |       |       |     1 ||    16
       Dagger            |    48 |   122 |    59 |       ||   229
       Club              |     4 |       |       |       ||     4
       Trident           |       |       |       |     6 ||     6
 Cast: Sandblast         |    30 |    46 |    37 |   122 ||   235
       Stone Arrow       |       |    13 |   149 |   117 ||   279
       Passwall          |       |       |       |     2 ||     2
  Use: Scroll            |       |     1 |     3 |     4 ||     8
       Potion            |       |       |       |     3 ||     3
 Stab: Sleeping          |     3 |     2 |       |       ||     5
Armor: Robe              |    31 |    80 |    58 |    59 ||   228
       Skin              |       |       |       |     3 ||     3
Dodge: Dodged            |    33 |    83 |    66 |    65 ||   247

Table legend: (Time is in decaauts)
 A = Elapsed time spent in this place.
 B = Non-inter-level travel time spent in this place.
 C = Inter-level travel time spent in this place.
 D = Time resting spent in this place.
 E = Time spent auto-exploring this place.
 F = Levels seen in this place.
 G = Mean time per level.
                   A        B        C        D        E       F      G
               +--------+--------+--------+--------+--------+-----+--------+
         Total |  17236 |  16829 |    407 |   1042 |  13688 |  15 | 1149.1 |
       Dungeon |  14587 |  14189 |    398 |    136 |  12330 |  11 | 1326.1 |
        Temple |    142 |    134 |      8 |      0 |    122 |   1 |  142.0 |
          Lair |    109 |    109 |      0 |      0 |     76 |   1 |  109.0 |
         Sewer |   1294 |   1294 |      0 |     66 |   1047 |   1 | 1294.0 |
       Ossuary |   1102 |   1102 |      0 |    840 |    113 |   1 | 1102.0 |
               +--------+--------+--------+--------+--------+-----+--------+

Top non-repeatable levels by time:
    D:10: 2537 daAuts
     D:8: 1558 daAuts
     D:5: 1456 daAuts
     D:2: 1327 daAuts
     D:3: 1316 daAuts
   Sewer: 1294 daAuts
     D:4: 1241 daAuts
     D:1: 1175 daAuts
    D:11: 1145 daAuts
     D:7: 1109 daAuts
 Ossuary: 1102 daAuts
     D:6: 957 daAuts
     D:9: 761 daAuts
  Temple: 142 daAuts
  Lair:1: 109 daAuts
